 Dungeon Crawl Stone Soup version 0.23-a0-296-ga3b1b28 (webtiles) character file.

854 Mgcat the Stinger (level 8, 0/41 HPs)
             Began as a Gargoyle Venom Mage on Oct 5, 2018.
             Was a Priest of Cheibriados.
             Killed by nerve-wracking pain
             ... invoked by a shadow imp
              (5 damage)
             ... on level 4 of the Dungeon.
             The game lasted 00:11:30 (4743 turns).

Mgcat the Stinger (Gargoyle Venom Mage)             Turns: 4743, Time: 00:11:31

Health: 0/41       AC:  9    Str: 24      XL:     8   Next: 1%
Magic:  3/14       EV: 12    Int: 25      God:    Cheibriados [***...]
Gold:   126        SH:  0    Dex: 17 (18) Spells: 9/15 levels left

rFire    + . .     SeeInvis .   r - +0 long sword
rCold    . . .     Gourm    .   (no shield)
rNeg     + . .     Faith    .   a - +0 robe
rPois    ∞         Spirit   .   (no helmet)
rElec    +         Reflect  .   (no cloak)
rCorr    .         Harm     .   f - +1 pair of gloves
MR       .....                  (no boots)
Stlth    ++........             (no amulet)
HPRegen  0.13/turn              o - +3 ring of strength
MPRegen  0.14/turn              n - ring of protection from fire {rF+, !d}

@: very slightly contaminated, very slow
A: deterioration 1, negative energy resistance 1, electricity resistance, wild
magic 1, unbreathing, petrification resistance, rot immunity, AC +5
a: Bend Time, Temporal Distortion, Renounce Religion


You were on level 4 of the Dungeon.
You worshipped Cheibriados.
Cheibriados was most pleased with you.
You were not hungry.

You visited 1 branch of the dungeon, and saw 5 of its levels.

You collected 126 gold pieces.

Inventory:

Hand Weapons
 r - a +0 long sword (weapon)
   (You found it on level 3 of the Dungeon)
Armour
 a - a +0 robe (worn)
 f - a +1 pair of gloves (worn)
   (You found it on level 1 of the Dungeon)
Jewellery
 g - an uncursed ring of stealth {Stlth+}
   (You found it on level 1 of the Dungeon)
 h - an uncursed ring of flight {+Fly, !d}
   (You found it on level 1 of the Dungeon)
 n - a ring of protection from fire (right hand) {rF+, !d}
   (You found it on level 4 of the Dungeon)
 o - a +3 ring of strength (left hand)
   (You found it on level 4 of the Dungeon)
Scrolls
 b - 5 scrolls of remove curse
 j - a scroll of blinking {unknown}
 m - a scroll of identify {unknown}
Potions
 e - a potion of resistance
 i - a potion of magic
 p - a potion of agility
Comestibles
 c - 6 rations


   Skills:
 - Level 1.5 Dodging
 - Level 2.1 Stealth
 + Level 4.4 Spellcasting
 + Level 4.8 Conjurations
 + Level 3.2 Air Magic
 + Level 5.2 Poison Magic


You had 9 spell levels left.
You knew the following spells:

 Your Spells              Type           Power        Failure   Level  Hunger
a - Sting                 Conj/Pois      ####         2%          1    None
b - Poisonous Vapours     Pois/Air       #####.       4%          2    None
c - Mephitic Cloud        Conj/Pois/Air  #####...     7%          3    ##.....

Your spell library contained the following spells:

 Spells                   Type           Power        Failure   Level  Hunger
 Olgreb's Toxic Radiance  Pois           #####...     14%         4    ####...
 Venom Bolt               Conj/Pois      #####.....   38%         5    #####..


Dungeon Overview and Level Annotations

Branches:
Dungeon (5/15)             Temple (0/1) D:4

Altars:
Ashenzari
Cheibriados
Hepliaklqana
Kikubaaqudgha
Qazlal
Uskayaw
Vehumet

Annotations:
D:2 DIG


Innate Abilities, Weirdness & Mutations

You are resistant to torment.
Your stone body is resilient. (AC +5)
You are immune to poison.
You resist negative energy. (rN+)
You are resistant to electric shocks. (rElec)
You can survive without breathing.
You are immune to petrification.
You are immune to rotting.
Your body sometimes deteriorates upon taking damage.
Your spells are a little harder to cast, but a little more powerful.


Message History

Press: ? - help, Shift-Dir - straight line, f/p - bullfrog
Aim: a bullfrog (hasn't noticed you)
The sting hits the bullfrog.
The bullfrog is poisoned.
The bullfrog is moderately wounded.
Casting: Sting (safe; 2% risk of failure)
Confirm with . or Enter, or press ? or * to list all spells.
You can't see any susceptible monsters within range! (Use Z to cast anyway.)
You start resting.
Your transformation is almost over.
A shadow imp comes into view.
Unknown command.
Unknown command.
Casting: Sting (safe; 2% risk of failure)
Confirm with . or Enter, or press ? or * to list all spells.
Aiming: Poisonous Vapours (safe; 4% risk of failure)
Press: ? - help, Dir - move target cursor, f/p - bullfrog
Aim: a bullfrog (heavily wounded, poisoned, hasn't noticed you) Poisonous vapours surround the bullfrog!
The bullfrog gives a loud, deep croak!
You flicker for a moment.
The bullfrog is engulfed in poison gas.
The bullfrog looks even sicker.
An iguana comes into view.
Casting: Poisonous Vapours (safe; 4% risk of failure)
Confirm with . or Enter, or press ? or * to list all spells.
Aiming: Poisonous Vapours (safe; 4% risk of failure)
Press: ? - help, Dir - move target cursor, f/p - bullfrog
Aim: a bullfrog (heavily wounded, poisoned, hasn't noticed you) Poisonous vapours surround the bullfrog!
The iguana hisses angrily.
The bullfrog is engulfed in poison gas.
The bullfrog looks even sicker.
There are monsters nearby!
Unknown command.
Unknown command.
The bullfrog hits you but does no damage.
Unknown command.
Unknown command.
Casting: Poisonous Vapours (safe; 4% risk of failure)
Confirm with . or Enter, or press ? or * to list all spells.
Aiming: Poisonous Vapours (safe; 4% risk of failure)
Press: ? - help, Dir - move target cursor, f/p - bullfrog
Aim: a bullfrog (almost dead, poisoned) Poisonous vapours surround the bullfrog!
The bullfrog is engulfed in poison gas.
The bullfrog looks as sick as possible!
You kill the bullfrog!
Cheibriados thoroughly appreciates the change of pace.
You have reached level 8!
You feel stronger.
Casting: Poisonous Vapours (safe; 4% risk of failure)
Confirm with . or Enter, or press ? or * to list all spells.
Aiming: Poisonous Vapours (safe; 4% risk of failure)
Press: ? - help, Dir - move target cursor, f - iguana
Aim: an iguana (hasn't noticed you) Poisonous vapours surround the iguana!
The iguana hisses angrily.
The iguana is engulfed in poison gas.
The iguana is poisoned.
Casting: Poisonous Vapours (safe; 4% risk of failure)
Confirm with . or Enter, or press ? or * to list all spells.
Aiming: Sting (safe; 2% risk of failure)
Press: ? - help, Shift-Dir - straight line, f/p - iguana
Aim: an iguana (lightly wounded, poisoned, hasn't noticed you)
The sting hits the shadow imp.
The shadow imp appears unharmed.
You flicker back into view.
The iguana hisses angrily.
You are too injured to fight recklessly!
You hit the shadow imp.
The shadow imp is lightly wounded.
The shadow imp hits you but does no damage.
You closely miss the shadow imp.
The shadow imp is lightly wounded.
The shadow imp hits you.
* * * LOW HITPOINT WARNING * * *
You hit the shadow imp but do no damage.
The shadow imp is lightly wounded.
You feel less wooden.
Your +1 pair of gloves unmelds from your body.
Your +0 robe unmelds from your body.
The shadow imp hits you but does no damage.
The shadow imp hits you.
* * * LOW HITPOINT WARNING * * *
The shadow imp hits you but does no damage.
You climb upwards.
There is a stone staircase leading down here.
You slash the shadow imp!
The shadow imp is almost dead.
The shadow imp barely misses you.
You barely miss the shadow imp.
The shadow imp is almost dead.
The shadow imp barely misses you.
The shadow imp disappears for a moment.
The shadow imp hits you but does no damage.
You barely miss the shadow imp.
The shadow imp is almost dead.
The shadow imp gestures at you. Pain shoots through your body!
* * * LOW HITPOINT WARNING * * *
You hit the shadow imp but do no damage.
The shadow imp is almost dead.
The shadow imp gestures at you. Pain shoots through your body!
You die...

##............#888#....###.#8....
##..........#8...8..#.....#.....
##...##...##8.>....#.###.######
##..##.####8...8.#..##......#.
######[##.....#888#.#.###........
...<................#.##...###...
########..............##..####..#
# ###...##.5...####...###.... ##
#[...[....@### #......#..#. .#
#.........## #......#..#. .##
##.........# ####......#..#. ..#
#..........# #.........#..#. #.##
#.....###########......#..#>
#..###.##.##...#...##.......#..##
.#.#.....)#.........##.........##
...................._#.......#.##
...####...#.........##.##..[>#.##


You could see a shadow imp.

Vanquished Creatures
  An ice beast (D:5)
  An ogre (D:5)
  A bullfrog (D:5)
  2 scorpions (D:4)
  A vampire bat (D:4)
  A howler monkey (D:4)
  A centaur zombie (D:5)
  A hound (D:4)
  2 orc priests
  6 orc wizards
  A worker ant (D:4)
  3 adders
  An ooze (D:3)
  2 dart slugs
  19 orcs
  2 ball pythons
  4 bat skeletons (D:4)
  2 bat zombies (D:4)
  5 giant cockroaches
  16 goblins
  5 hobgoblins
  2 jackals (D:3)
  3 quokkas
  5 bats
  4 frilled lizards
  6 kobolds
  A leopard gecko skeleton (D:4)
  4 rats
102 creatures vanquished.

Notes
Turn   | Place    | Note
-------+----------+-------------------------------------------
     0 | D:1      | Mgcat the Gargoyle Venom Mage began the quest for the Orb.
     0 | D:1      | Reached XP level 1. HP: 10/10 MP: 3/3
   141 | D:1      | Found a snail-covered altar of Cheibriados.
   148 | D:1      | Became a worshipper of Cheibriados the Contemplative
   335 | D:1      | Reached XP level 2. HP: 15/15 MP: 1/5
   339 | D:1      | Learned a level 2 spell: Poisonous Vapours
  1237 | D:2      | Reached XP level 3. HP: 19/19 MP: 1/6
  1645 | D:2      | Reached skill level 2 in Conjurations
  1650 | D:2      | Learned a level 3 spell: Mephitic Cloud
  1980 | D:2      | Reached * piety under Cheibriados
  2031 | D:2      | Found a stormy altar of Qazlal.
  2442 | D:3      | Reached skill level 1 in Air Magic
  2442 | D:3      | Reached XP level 4. HP: 20/24 MP: 0/8
  2586 | D:3      | Reached skill level 3 in Spellcasting
  2586 | D:3      | Reached XP level 5. HP: 28/28 MP: 0/9
  2711 | D:3      | Found a shattered altar of Ashenzari.
  2760 | D:3      | Found a hide-covered altar of Uskayaw.
  3016 | D:3      | Found a faded altar of an unknown god.
  3125 | D:3      | Reached skill level 4 in Poison Magic
  3129 | D:3      | HP: 6/28 [something/magic dart (7)]
  3136 | D:3      | Gained mutation: Your body sometimes deteriorates upon
                  | taking damage. [potion of mutation]
  3136 | D:3      | Gained mutation: Your spells are a little harder to cast,
                  | but a little more powerful. [potion of mutation]
  3141 | D:3      | HP: 6/28 [something (4)]
  3148 | D:3      | Reached skill level 3 in Conjurations
  3211 | D:3      | Reached skill level 2 in Air Magic
  3211 | D:3      | Reached XP level 6. HP: 29/32 MP: 9/11
  3212 | D:3      | Reached ** piety under Cheibriados
  4041 | D:4      | Found a staircase to the Ecumenical Temple.
  4092 | D:4      | Noticed a phantom
  4122 | D:4      | Reached XP level 7. HP: 33/36 MP: 4/12
  4130 | D:4      | Reached skill level 4 in Conjurations
  4175 | D:4      | Reached *** piety under Cheibriados
  4203 | D:4      | Found a hazy altar of Hepliaklqana.
  4353 | D:4      | Reached skill level 4 in Spellcasting
  4365 | D:4      | Found an ancient bone altar of Kikubaaqudgha.
  4534 | D:4      | Found a radiant altar of Vehumet.
  4650 | D:5      | Entered Level 5 of the Dungeon
  4660 | D:5      | Reached skill level 3 in Air Magic
  4660 | D:5      | Reached skill level 5 in Poison Magic
  4689 | D:5      | HP: 6/36 [ice beast (8)]
  4732 | D:5      | Reached XP level 8. HP: 19/41 MP: 4/14
  4737 | D:5      | HP: 8/41 [shadow imp (3)]
  4742 | D:4      | HP: 5/41 [shadow imp/nerve-wracking pain (4)]
  4743 | D:4      | Killed from afar by a shadow imp

Vault maps used:
D:1:      minmay_arrival_four_houses, roderic_roman_lattice, minmay_hedge_maze,
          cheibriados_altar_1
D:2:      grunt_qazlal_sundering, minmay_misc_feat_columns,
          kennysheep_flooded_box, kennysheep_pointless_box, due_unseen_surprise
D:3:      grunt_temple_overflow_open, chequers_ecumenical_altar_simple,
          first_ration
D:4:      kennysheep_the_goblin_king, lemuel_crystal_altar, marbit_many_paths,
          kennysheep_vampire_church, minmay_temple_entry_statues
D:5:      bloody_trog, lemuel_round_altar, zin_scriptorium, serial_shops, shop,
          trog_butcher_becter

Skill      XL: |  1  2  3  4  5  6  7 |
---------------+----------------------+-----
Conjurations   | 2 3 4 |  4.8
Air Magic      | 1 2 3 |  3.2
Spellcasting   | 3 4 |  4.4
Poison Magic   | 4 5 |  5.2
Dodging        | |  1.5
Stealth        | |  2.1

Action                   |  1- 3 |  4- 6 |  7- 9 || total
-------------------------+-------+-------+-------++-------
Melee: Short sword       |    18 |       |       ||    18
       Long sword        |       |    66 |    64 ||   130
 Cast: Sting             |    78 |    51 |    11 ||   140
       Poisonous Vapours |     1 |    19 |    15 ||    35
       Mephitic Cloud    |       |       |     1 ||     1
  Use: Scroll            |       |     5 |       ||     5
       Potion            |       |     7 |     3 ||    10
 Stab: Sleeping          |       |     1 |     2 ||     3
       Distracted        |       |     1 |       ||     1
  Eat: Chunk             |     5 |     5 |     1 ||    11
Armor: Robe              |    11 |    46 |    40 ||    97
       Skin              |       |       |     3 ||     3
Dodge: Dodged            |    25 |    68 |    59 ||   152
       Rpst.: Long sword |       |    21 |    24 ||    45

Table legend:
 A = Non-vault XP
 B = Vault XP
 C = Vault XP percentage of total XP
 D = Non-vault monster count
 E = Vault monster count
 F = Vault count percentage of total count
                 A         B        C        D         E       F
            +---------+---------+-------+---------+---------+-------
      Total |    1092 |     128 |  10.5 |      87 |      15 |  14.7
            +---------+---------+-------+---------+---------+-------
        D:1 |      19 |       0 |   0.0 |      12 |       0 |   0.0
        D:2 |      46 |       0 |   0.0 |      19 |       0 |   0.0
        D:3 |     296 |       0 |   0.0 |      35 |       0 |   0.0
        D:4 |     349 |     128 |  26.8 |      17 |      15 |  46.9
        D:5 |     382 |       0 |   0.0 |       4 |       0 |   0.0
            +---------+---------+-------+---------+---------+-------

Vault maps used:
D:1:      minmay_arrival_four_houses, roderic_roman_lattice, minmay_hedge_maze,
          cheibriados_altar_1
D:2:      grunt_qazlal_sundering, minmay_misc_feat_columns,
          kennysheep_flooded_box, kennysheep_pointless_box, due_unseen_surprise
D:3:      grunt_temple_overflow_open, chequers_ecumenical_altar_simple,
          first_ration
D:4:      kennysheep_the_goblin_king, lemuel_crystal_altar, marbit_many_paths,
          kennysheep_vampire_church, minmay_temple_entry_statues
D:5:      bloody_trog, lemuel_round_altar, zin_scriptorium, serial_shops, shop,
          trog_butcher_becter

Table legend:
 A = Turns spent in this place as a percentage of turns spent in the entire game.
 B = Non-inter-level travel turns spent in this place as a percentage of non-inter-level travel turns spent in the entire game.
 C = Inter-level travel turns spent in this place as a percentage of turns spent in this place.
 D = Turns resting spent in this place as a percentage of non-inter-level travel turns spent in this place.
 E = Turns spent auto-exploring this place as a percentage of non-inter-level travel turns spent in this place.
 F = Non-inter-level travel turns spent in this place divided by the number of levels of this place that you've seen.
                   A       B       C       D       E      F
               +-------+-------+-------+-------+-------+----------------------
         Total | 100.0 | 100.0 |   4.1 |   4.5 |  80.2 | 910.0
       Dungeon | 100.0 | 100.0 |   4.1 |   4.5 |  80.2 | 910.0
               +-------+-------+-------+-------+-------+----------------------

Table legend:
 A = Kills in this place as a percentage of kills in entire the game.
 B = Kills by you in this place as a percentage of kills by you in the entire game.
 C = Kills by friends in this place as a percentage of kills by friends in the entire game.
 D = Other kills in this place as a percentage of other kills in the entire game.
 E = Experience gained in this place as a percentage of experience gained in the entire game.
 F = Experience gained in this place divided by the number of levels of this place that you have seen.
                   A       B       C       D       E      F
               +-------+-------+-------+-------+-------+----------------------
         Total | 100.0 | 100.0 |   N/A |   N/A | 100.0 | 244.0
       Dungeon | 100.0 | 100.0 |   N/A |   N/A | 100.0 | 244.0
               +-------+-------+-------+-------+-------+----------------------
